 Dungeon Crawl Stone Soup version 0.30-a0-867-g305f33218d (webtiles) character file.

Game seed: 15292239366720030421

877 NinjaNoafa the Ducker (level 8, -2/64 HPs)
             Began as a Merfolk Gladiator on Mar 10, 2023.
             Was a Follower of Uskayaw.
             Succumbed to a gnoll sergeant's poison
             ... on level 4 of the Dungeon.
             The game lasted 00:13:31 (3154 turns).

NinjaNoafa the Ducker (Merfolk Gladiator)           Turns: 3154, Time: 00:13:31

Health: -2/64      AC:  7    Str: 13    XL:     8   Next: 4%
Magic:  8/8        EV: 17    Int: 16    God:    Uskayaw [*.....]
Gold:   92         SH:  0    Dex: 23    Spells: 7/7 levels left

rFire   . . .      SeeInvis .    a - +0 rapier
rCold   x . .      Faith    .    j - orb {light}
rNeg    . . .      Spirit   .    b - +0 leather armour
rPois   .          Reflect  .    r - +2 helmet
rElec   +          Rampage  .    q - +0 cloak
rCorr   .                        (no gloves)
Will    +....                    (no boots)
Stlth   +                        (no amulet)
HPRegen 0.30/turn                g - +6 ring of dexterity
MPRegen 0.11/turn                k - ring of Upaofal {rElec rC- Will+ Str-2 Int+9}

@: lethally poisoned (-2 -> -14), glowing
A: (nimble swimmer 2), mertail
a: Renounce Religion, Stomp


You were on level 4 of the Dungeon.
You worshipped Uskayaw.
Uskayaw was noncommittal.
You visited 1 branch of the dungeon, and saw 5 of its levels.

You collected 92 gold pieces.

Inventory:

Hand Weapons
 a - a +0 rapier (weapon)
Missiles
 c - a javelin (quivered)
Armour
 b - a +0 leather armour (worn)
 j - an orb of light (worn)
 q - a +0 cloak (worn)
 r - a +2 helmet (worn)
Jewellery
 g - a +6 ring of dexterity (left hand)
 k - the ring of Upaofal (right hand) {rElec rC- Will+ Str-2 Int+9}
   (You found it on level 2 of the Dungeon)

   [ring of willpower]

   Str:       It affects your strength (-2).
   Int:       It affects your intelligence (+9).
   rC:        It makes you vulnerable to cold.
   rElec:     It insulates you from electricity.
   Will:      It increases your willpower.
Wands
 d - a wand of paralysis (7)
Scrolls
 n - a scroll of butterflies {unknown}
 o - a scroll of amnesia {unknown}
 p - a scroll of immolation {unknown}
Potions
 e - 2 potions of curing {unknown}
 f - a potion of flight {unknown}
 h - 2 potions of mutation {unknown}
 i - 2 potions of heal wounds


   Skills:
 - Level 5.9 Fighting
 - Level 6.4 Short Blades
 - Level 2.0 Throwing
 - Level 7.6 Dodging
 + Level 2.1 Stealth
 + Level 1.5 Evocations


You had 7 spell levels left.
You didn't know any spells.
Your spell library was empty.

Dungeon Overview and Level Annotations

Branches:
Dungeon (5/15)
 Temple: D:4-7

Altars:
Sif Muna
Uskayaw

Shops:
D:2 [

Annotations:
D:3 1 runed translucent door, Crazy Yiuf


Innate Abilities, Weirdness & Mutations

((You are very nimble when in or above water. (Stealth+, EV+, Speed+++)))
Your lower body shifts to a powerful aquatic tail in water.


Message History

* * * LOW HITPOINT WARNING * * *
The howler monkey completely misses you.
The gnoll attacks as you move away! The gnoll completely misses you.
* * * LOW HITPOINT WARNING * * *
You feel very sick. The howler monkey closely misses you.
It was a potion of heal wounds.
You feel much better.
You feel very sick.
The howler monkey hoots and howls with incredible vigour!
The gnoll hits you from afar with a +0 spear.
The gnoll barely misses you. The gnoll misses you.
The gnoll sergeant hits you but does no damage.
You are more poisoned.
You hear a shout!
As you read the scroll labelled KAXUIF MYGAODE, it crumbles to dust.
You feel strangely unstable.
It was a scroll of teleportation.
You feel very sick. The howler monkey closely misses you.
The gnoll closely misses you. The gnoll hits you but does no damage.
The gnoll sergeant misses you.
You feel very sick.
The howler monkey hits you but does no damage.
The gnoll sergeant hits you from afar with a +1 spear of venom!
* * * LOW HITPOINT WARNING * * *
You are lethally poisoned!
The howler monkey completely misses you.
The gnoll attacks as you move away! The gnoll completely misses you.
The howler monkey attacks as you move away!
The howler monkey barely misses you.
* * * LOW HITPOINT WARNING * * *
You feel extremely sick.
Your surroundings suddenly seem different.
* * * LOW HITPOINT WARNING * * *
You feel very sick.
* * * LOW HITPOINT WARNING * * *
You feel very sick.
There is a stone staircase leading up here.
* * * LOW HITPOINT WARNING * * *
You feel very sick.
You climb upwards.
You die...

.....#.........# #.#........##
...............####..........#
.....#......##...##..........#
.....#......##.#.##......#####
..############.#.##......# ..#
#....(..........# ..#
#.###...###.....# ..# #.#
##..# #.....# ### #.# #.@#
####### # #.# ##.# # #.# #.# #
#.# #.# # #.# #.# # #.#####.#
# #.......# #########


There were no monsters in sight!

Vanquished Creatures
  Grinder (D:3)
  Sigmund (D:2)
  A wyvern (D:5)
  A phantom (D:5)
  A jelly (D:5)
  An orc priest (D:5)
  Terence (D:3)
  3 iguanas
  Robin (D:2)
  A gnoll (D:1)
  An adder (D:2)
  2 ufetubi
  3 worms
  6 orcs
  4 ball pythons
  4 bats
  5 endoplasms
  A giant cockroach (D:2)
  16 goblins
  10 hobgoblins
  2 kobolds
  4 quokkas
  3 frilled lizards
  4 rats
77 creatures vanquished.

Notes
Turn   | Place    | Note
-------+----------+-------------------------------------------
     0 | D:1      | NinjaNoafa the Merfolk Gladiator began the quest for the
                  | Orb.
     0 | D:1      | Reached XP level 1. HP: 16/16 MP: 1/1
   144 | D:1      | Reached XP level 2. HP: 23/23 MP: 2/2
   623 | D:1      | Reached XP level 3. HP: 28/28 MP: 3/3
   983 | D:2      | Noticed Sigmund
  1007 | D:2      | Killed Sigmund
  1008 | D:2      | Reached skill level 5 in Short Blades
  1008 | D:2      | Reached skill level 5 in Dodging
  1008 | D:2      | Reached XP level 4. HP: 25/37 MP: 4/4
  1008 | D:2      | Reached XP level 5. HP: 29/42 MP: 5/5
  1099 | D:2      | Identified the ring of Upaofal {rElec rC- Will+ Str-2
                  | Int+9}
  1118 | D:2      | Noticed Robin
  1137 | D:2      | Killed Robin
  1166 | D:2      | Reached XP level 6. HP: 36/48 MP: 6/6
  1206 | D:2      | Found a faded altar of an unknown god.
  1362 | D:2      | Found Ysotryoh's Antique Armour Shop.
  1433 | D:2      | Reached skill level 6 in Dodging
  1635 | D:3      | Noticed Terence
  1653 | D:3      | Killed Terence
  1693 | D:3      | Noticed Grinder
  1694 | D:3      | Paralysed by Grinder for 5 turns
  1706 | D:3      | Paralysed by Grinder for 3 turns
  1712 | D:3      | Paralysed by Grinder for 5 turns
  1729 | D:3      | Paralysed by Grinder for 2 turns
  1740 | D:3      | Killed Grinder
  1741 | D:3      | Reached skill level 5 in Fighting
  1741 | D:3      | Reached XP level 7. HP: 32/56 MP: 7/7
  1839 | D:3      | Identified the +8 hand axe of Untruth {flame, *Rage *Noise
                  | Fly rElec}
  1922 | D:3      | Found a runed translucent door.
  1923 | D:3      | Noticed Crazy Yiuf
  2194 | D:4      | Reached skill level 7 in Dodging
  2810 | D:5      | Entered Level 5 of the Dungeon
  2870 | D:5      | Noticed a wyvern
  2877 | D:5      | Killed a wyvern
  2918 | D:5      | Found a large runed translucent door.
  2919 | D:5      | Found a large runed translucent door.
  2931 | D:5      | Found a hide-covered altar of Uskayaw.
  2939 | D:5      | Became a worshipper of Uskayaw the Reveller
  2944 | D:5      | Found a shimmering blue altar of Sif Muna.
  2947 | D:5      | Reached * piety under Uskayaw
  2949 | D:5      | Reached ** piety under Uskayaw
  2950 | D:5      | Reached skill level 1 in Stealth
  2950 | D:5      | Reached skill level 1 in Evocations
  2950 | D:5      | Reached XP level 8. HP: 48/64 MP: 8/8
  3153 | D:5      | HP: 1/64 [poisoned by a gnoll sergeant]
  3154 | D:4      | Succumbed to a gnoll sergeant's poison

Illustrated notes

Levels and vault maps discovered:
D:1:      sevenhm_arrival_forest_fort_small_5, layout_loops_ring,
          grunt_decor_resistance, grunt_decor_arrowhead
D:2:      layout_loops_ring, serial_shops, nicolae_shop_statue_plus,
          ebering_ecumenical_altar_hall, corner_web_ring, uniq_sigmund,
          uniq_robin
D:3:      layout_rooms, minmay_fountain_box, uniq_grinder,
          uniq_crazy_yiuf_cottage, uniq_terence
D:4:      layout_basic
D:5:      layout_cave_pools, jmf_multi_god_temple2,
          minmay_temple_entry_large_hall, minmay_misc_feat_secret_circle,
          due_unseen_surprise

Skill      XL: |  1  2  3  4  5  6  7  8 |
---------------+-------------------------+-----
Short Blades   | 4 5 6 |  6.4
Fighting       | 4 5 |  5.9
Dodging        | 5 6 7 |  7.6
Stealth        | 1 2 |  2.1
Evocations     | 1 |  1.5
Throwing       | |  2.0

Action                     |  1- 3 |  4- 6 |  7- 9 || total
---------------------------+-------+-------+-------++-------
  Melee: Rapier            |    52 |    75 |   109 ||   236
  Throw: Javelin           |     1 |     3 |     1 ||     5
         Throwing net      |     1 |     4 |       ||     5
 Invoke: Stomp             |       |       |     1 ||     1
  Evoke: Wand              |       |       |     1 ||     1
    Use: Scroll            |       |       |     1 ||     1
         Potion            |       |       |     1 ||     1
   Stab: Sleeping          |     3 |       |       ||     3
         Held in net/web   |     1 |     2 |       ||     3
         Paralysed         |       |       |     2 ||     2
 Armour: Leather armour    |    15 |    15 |    18 ||    48
  Dodge: Dodged            |    33 |    59 |    96 ||   188

Table legend: (Time is in decaauts)
 A = Elapsed time spent in this place.
 B = Non-inter-level travel time spent in this place.
 C = Inter-level travel time spent in this place.
 D = Time resting spent in this place.
 E = Time spent auto-exploring this place.
 F = Levels seen in this place.
 G = Mean time per level.
                   A        B        C        D        E       F      G
               +--------+--------+--------+--------+--------+-----+--------+
         Total |   3128 |   2818 |    310 |      0 |   1395 |   5 |  625.6 |
       Dungeon |   3128 |   2818 |    310 |      0 |   1395 |   5 |  625.6 |
               +--------+--------+--------+--------+--------+-----+--------+

Top non-repeatable levels by time:
     D:1: 844 daAuts
     D:2: 771 daAuts
     D:4: 757 daAuts
     D:3: 513 daAuts
     D:5: 242 daAuts
